AoeStats
← Fluvialgeomorphologist

Arena

507003586Analyzed
3v3 RM · 15d ago on Sep 16, 2026· 26m 2s· 6 players
Game mode
Random Map
Map size
Normal (6 player)
Population
200
Speed
Normal
Resources
Standard
Victory
Conquest
Starting age
Dark Age
Ending age
Imperial Age
RankedLock teamsTeams togetherTeam positionsShared explorationLock speedFull tech treeHidden civsTurbo modeCheats
Victory
Defeat
🇺🇸 Burgundians · United States
1014
+15
🇺🇸 Poles · United States
966
+17
🇺🇸 Bohemians · United States
965
+17
🇺🇸 Franks · United States
1139
-23
🇺🇸 Slavs · United States
932
-14
🇺🇸 Malians · United States
884
-12
Bambi548
3:25 Loom
11:22 Feudal Age
12:11 Double-Bit Axe
15:44 Castle Age
14:02 Loom
15:46 Horse Collar
16:24 Scale Barding Armor
18:58 Wheelbarrow
19:45 Bow Saw
20:10 Fletching
24:06 Heavy Plow
1990 GMC Astro Van
13:33 Feudal Age
17:00 Double-Bit Axe
20:32 Castle Age
19:31 Bow Saw
19:09 Horse Collar
19:53 Heavy Plow
20:21 Gold Mining
20:39 Pikeman
22:30 Gold Shaft Mining
24:42 Scale Barding Armor
24:39 Scale Mail Armor
24:53 Cavalier
Luigi
13:32 Feudal Age
20:29 Castle Age
19:02 Horse Collar
19:09 Double-Bit Axe
19:19 Gold Mining
22:32 Pikeman
25:42 Forging
25:38 Scale Barding Armor
26:06 Bow Saw
25:57 Heavy Plow
Fluvialgeomorphologist
12:06 Feudal Age
10:22 Loom
13:08 Double-Bit Axe
15:44 Castle Age
14:05 Horse Collar
16:50 Bow Saw
17:15 Heavy Plow
18:50 Stone Mining
24:09 Fletching
Pill Cosby
1:34 Loom
10:38 Feudal Age
11:10 Double-Bit Axe
14:06 Wheelbarrow
14:14 Wheelbarrow
18:38 Castle Age
20:31 Bow Saw
21:28 Gold Mining
22:59 Stone Mining
Koltonious
10:23 Feudal Age
18:16 Castle Age
18:59 Double-Bit Axe
20:32 Loom
22:47 Stone Mining
22:53 Gold Mining
22:55 Horse Collar
Connection lost

Rejoining the realm…

Still unreachable

The connection could not be restored.

Session expired

The server has moved on; the page needs a fresh start.